 Dungeon Crawl Stone Soup version 0.31-a0-217-g58bb5d79cf (webtiles) character file.

Game seed: 1898043337402106344

85979 qw the Severer (level 15, -8/96 HPs)
             Began as a Gargoyle Fighter on July 2, 2023.
             Was a High Priest of Okawaru.
             Shot with an arrow by a centaur warrior (14 damage)
             ... on level 15 of the Dungeon.
             The game lasted 00:12:02 (22463 turns).

qw the Severer (Gargoyle Fighter)                  Turns: 22463, Time: 00:12:03

Health: -8/96      AC: 39    Str: 28    XL:     15   Next: 85%
Magic:  22/22      EV: 10    Int:  8    God:    Okawaru [*****.]
Gold:   1687       SH: 13    Dex:  9    Spells: 14/14 levels left

rFire   . . .        Y - +4 broad axe (flame)
rCold   . . .        r - +0 kite shield
rNeg    + . .        z - +0 plate armour
rPois   inf          l - +1 helmet
rElec   +            e - +0 cloak
rCorr   +            k - +2 pair of gloves
SInv    +            y - +0 pair of boots
Will    +....        A - amulet of faith Stlth
                     j - ring of resist corrosion
HPRegen 0.36/turn    C - ring of see invisible
MPRegen 0.18/turn

%: clarity, faith
@: about to teleport, heroic, flying
A: sickness immunity, AC +11, big wings, negative energy resistance 1,
electricity resistance, torment resistance 1, petrification resistance, talons
1, clarity, noise suppression
a: Renounce Religion, Heroism, Finesse, Duel


You were on level 15 of the Dungeon.
You worshipped Okawaru.
Okawaru was extremely pleased with you.
You visited 3 branches of the dungeon, and saw 21 of its levels.
You also visited: Sewer.

You collected 1777 gold pieces.
You spent 90 gold pieces at shops.


Innate Abilities, Weirdness & Mutations

You are immune to sickness and miasma.
Your stone body is resilient. (AC +11)
You are immune to poison.
Your large and strong wings let you fly.
You resist negative energy. (rN+)
You are resistant to electric shocks. (rElec)
You are resistant to unholy torment.
You are immune to petrification.
You have sharp toenails.
You possess an exceptional clarity of mind.
You passively dampen the noise of your surroundings.


   Skills:
 - Level 12.0(17.0) Fighting
 - Level 16.0(21.0) Axes
 - Level 6.0(11.0) Throwing
 - Level 12.0(17.0) Armour
 - Level 3.0(8.0) Dodging
 + Level 12.9(17.9) Shields
 - Level 10.0 Invocations


You had 14 spell levels left.
You didn't know any spells.
Your spell library was empty.

Inventory:

Hand Weapons
 q - the +5 broad axe of Cowardice {freeze, MP+9 Str+3}
   (You acquired it on level 4 of the Lair of Beasts)

   Str:       It affects your strength (+3).
   MP:        It affects your magic capacity (+9).
 Y - a +4 broad axe of flaming (weapon)
Missiles
 f - 2 javelins (quivered)
 g - 12 boomerangs
Armour
 e - a +0 cloak (worn)
 i - +0 acid dragon scales
 k - a +2 pair of gloves (worn)
 l - a +1 helmet (worn)
 r - a +0 kite shield (worn)
 y - a +0 pair of boots (worn)
 z - a +0 plate armour (worn)
Jewellery
 j - a ring of resist corrosion (left hand)
 t - a ring of fire
 w - an amulet of the acrobat
 A - an amulet of faith (around neck)
 C - a ring of see invisible (right hand)
Scrolls
 a - 15 scrolls of identify
 n - a scroll of teleportation
Potions
 b - 2 potions of lignification
 c - 3 potions of attraction
 d - 5 potions of might
 h - 6 potions of enlightenment
 m - a potion of resistance
 o - 7 potions of curing
 u - a potion of magic
 v - 6 potions of mutation
 B - a potion of haste

Dungeon Overview and Level Annotations

Branches:
Dungeon (15/15)            Temple (1/1) D:6            Lair (5/5) D:9
  Swamp (0/4) Lair:3        Snake (0/4) Lair:3        Slime (0/5) Lair:4
    Orc (0/2) D:10         Vaults (0/5) D:13         Depths (0/4) D:15
  Sewer (visited)

Altars:
Ashenzari
Cheibriados
Dithmenos
Elyvilon
Fedhas
Gozag
Hepliaklqana
Kikubaaqudgha
Makhleb
Nemelex Xobeh
Okawaru
Qazlal
Ru
Sif Muna
Trog
Uskayaw
Vehumet
Wu Jian
Xom
Yredelemnul
Zin
The Shining One

Shops:
D:4 [   D:7 ?   D:9 *

Portals:
Trove: D:10 (give 2 scrolls of acquirement)

Annotations:
Lair:3 3 runed translucent doors, qw's ghost, journeyman GrFi


Message History

Enter note:
Enter note:
Enter note:
Enter note:
Enter note:
Enter note:
Enter note:
Enter note:
Enter note:
Enter note:
Enter note:
Enter note:
Enter note:
Enter note:
Enter note:
Enter note:
Enter note:
Enter note:
Enter note:
Enter note:
Enter note:
Enter note:
Enter note:
Enter note:
Enter note:
Enter note:
Enter note:
Enter note:
Enter note:
22461 ||| READING 2 scrolls of teleportation.
As you read the scroll of teleportation, it crumbles to dust.
You feel strangely unstable.
The centaur warrior shoots an arrow.
The arrow hits you but does no damage.
You slice the centaur!! You burn the centaur!
You kill the centaur!
Okawaru accepts your kill.
The centaur warrior shoots an arrow.
You block the arrow.
The centaur warrior shoots an arrow.
The arrow hits you but does no damage.
The centaur warrior shoots an arrow.
The arrow hits you!
You die...

#............#'
###..###.......# .##
..#))..#.......#... .#
.))))..######'##... .#
..#######...c.# ..# ..#
..#.....#...))###'##..#
..'.....#...)%%.......#
'##.....#.............#
........#.....##@)....#
........#.....##......#
........#.....######..#
........#.....# .#
........#######
###...........
..#...........
..'........[..
###...........


You could see a centaur warrior.

Vanquished Creatures
  An ettin (D:15)
  6 hydras
  5 two-headed ogres
  8 centaur warriors
  3 boulder beetles
  A tengu warrior (D:15)
  Urug (D:13)
  Sonja (D:13)
  2 skysharks
  5 skeletal warriors
  3 deep elf pyromancers
  2 necromancers (D:15)
  An orc knight (D:15)
  A wolf spider (D:12)
  24 ugly things
  2 cyclopes
  4 manticores
  18 elephants
  7 black mambas
  12 cane toads
  A kobold demonologist (D:9)
  A rime drake (Lair:1)
  An unseen horror (D:11)
  A freezing wraith (D:12)
  8 komodo dragons
  8 yaktaurs (D:15)
  3 tengu conjurers (D:15)
  2 efreet (D:15)
  A troll (shapeshifter) (D:9)
  A queen bee (D:14)
  6 polar bears
  6 meliai (D:14)
  5 trolls
  A hornet (shapeshifter) (D:11)
  6 hornets
  7 blink frogs
  14 dream sheep (Lair:5)
  4 shadows
  Sigmund (D:3)
  13 spriggans (Lair:5)
  12 slime creatures
  A wraith (D:10)
  15 yaks
  4 wyverns
  16 humans (D:13)
  A steam dragon (D:9)
  4 basilisks
  A water elemental (D:15)
  A vampire mosquito (D:12)
  5 wargs
  An acid dragon (D:9)
  A floating eye (shapeshifter) (D:15)
  11 water moccasins
  A sky beast (D:7)
  2 ice beasts
  13 orc warriors
  4 black bears
  4 boggarts (Lair:5)
  27 wolves
  A boggart (shapeshifter) (D:13)
  3 ogres (D:10)
  17 centaurs
  A phantom (D:5)
  26 kobold brigands
  14 bullfrogs
  2 gnoll sergeants (D:10)
  3 scorpions
  34 killer bees
  3 electric eels (Lair:3)
  4 howler monkeys
  A hound (D:4)
  16 orc priests
  Jessica (D:3)
  3 iguanas
  Terence (D:3)
  18 orc wizards
  A hell rat (Sewer)
  A statue (D:8)
  Robin (D:2)
  8 gnolls
  6 adders
  2 river rats
  An ufetubus (D:5)
  A worm (D:4)
  A dart slug (D:3)
  57 orcs
  9 endoplasms
  5 giant cockroaches
  22 goblins
  13 hobgoblins
  9 jackals
  47 kobolds
  A quokka (D:1)
  15 ball pythons
  6 bats
  A frilled lizard (D:3)
  5 rats
  A spectral kobold (D:8)
682 creatures vanquished.

Vanquished Creatures (others)
  Maurice (D:8)
  A black bear (D:5)
  4 gnolls (D:5)
  An orc (D:8)
  A kobold (D:8)
8 creatures vanquished.

Grand Total: 690 creatures vanquished

Notes
Turn   | Place    | Note
-------+----------+-------------------------------------------
     0 | D:1      | qw the Gargoyle Fighter began the quest for the Orb.
     0 | D:1      | Reached XP level 1. HP: 14/14 MP: 1/1
     0 | D:1      | 0 ||| qw: Version: 0.3-a-40-ge99b1a8
     0 | D:1      | 0 ||| qw: Game counter: 8014
     0 | D:1      | 0 ||| qw: Melee chars always use a shield: true
     0 | D:1      | 0 ||| qw: God list: Okawaru
     0 | D:1      | 0 ||| qw: Allow faded altars: false
     0 | D:1      | 0 ||| qw: Do Orc after clearing Dungeon:15 true
     0 | D:1      | 0 ||| qw: Do second Lair branch before Depths: true
     0 | D:1      | 0 ||| qw: Lair rune preference: random
     0 | D:1      | 0 ||| qw: Goals: Normal, Zot:1-4, Slime:5, God:TSO, Crypt,
                  | Tomb, Abyss, Pan, Hells, Win
     0 | D:1      | 0 ||| PLANNING D:1-11
    18 | D:1      | Reached skill level 2 in Axes
    98 | D:1      | Reached XP level 2. HP: 19/19 MP: 2/2
   169 | D:1      | 169 ||| Stepping ~*~*~tactically~*~*~ (hiding).
   326 | D:1      | 326 ||| Stepping ~*~*~tactically~*~*~ (stealth).
   332 | D:1      | Reached skill level 3 in Axes
   388 | D:1      | Reached XP level 3. HP: 23/23 MP: 3/3
   496 | D:1      | 496 ||| READING scroll labelled RIXKEA SOESE.
   521 | D:2      | 521 ||| STAIRDANCE
   540 | D:2      | 540 ||| STAIRDANCE
   608 | D:2      | 608 ||| Stepping ~*~*~tactically~*~*~ (stealth).
   831 | D:2      | You fall into a shaft and drop 2 floors!
   831 | D:4      | Found a broken altar of Ashenzari.
   838 | D:4      | Found a glowing silver altar of Zin.
   859 | D:4      | Reached skill level 4 in Axes
   859 | D:4      | Reached XP level 4. HP: 22/28 MP: 4/4
   934 | D:4      | 934 ||| DROPPING +0 club.
   966 | D:4      | 966 ||| Stepping ~*~*~tactically~*~*~ (stealth).
   987 | D:4      | Reached XP level 5. HP: 15/32 MP: 5/5
  1056 | D:4      | 1056 ||| DROPPING +0 whip.
  1091 | D:4      | 1091 ||| UPGRADING to +0 pair of gloves.
  1096 | D:4      | 1096 ||| READING 4 scrolls labelled MITIOC NONYGOD.
  1097 | D:4      | 1097 ||| READING scroll labelled NEIRI SAECKYGO.
  1098 | D:4      | 1098 ||| READING 3 scrolls of identify.
  1098 | D:4      | 1098 ||| IDENTIFYING fuming sapphire potion
  1099 | D:4      | 1099 ||| READING 2 scrolls of identify.
  1099 | D:4      | 1099 ||| IDENTIFYING ruby potion
  1200 | D:2      | Noticed Robin
  1213 | D:2      | Killed Robin
  1214 | D:2      | Reached skill level 5 in Axes
  1408 | D:2      | 1408 ||| Stepping ~*~*~tactically~*~*~ (hiding).
  1409 | D:2      | 1409 ||| Stepping ~*~*~tactically~*~*~ (hiding).
  1432 | D:2      | 1432 ||| Stepping ~*~*~tactically~*~*~ (stealth).
  1435 | D:2      | 1435 ||| Stepping ~*~*~tactically~*~*~ (stealth).
  1530 | D:2      | Reached skill level 1 in Throwing
  1651 | D:2      | 1651 ||| UPGRADING to +0 helmet.
  1656 | D:2      | 1656 ||| READING scroll labelled TOROATZOROPS.
  1771 | D:3      | Noticed Sigmund
  1772 | D:3      | 1772 ||| Stepping ~*~*~tactically~*~*~ (stealth).
  1797 | D:3      | Found a faded altar of an unknown god.
  1805 | D:3      | 1805 ||| Stepping ~*~*~tactically~*~*~ (hiding).
  1846 | D:3      | Killed Sigmund
  1847 | D:3      | Reached XP level 6. HP: 30/40 MP: 6/6
  1947 | D:3      | 1947 ||| Stepping ~*~*~tactically~*~*~ (stealth).
  2023 | D:3      | Noticed Terence
  2041 | D:3      | Killed Terence
  2067 | D:3      | Noticed Jessica
  2071 | D:3      | Killed Jessica
  2072 | D:3      | Reached skill level 1 in Dodging
  2199 | D:3      | 2199 ||| UPGRADING to +0 chain mail.
  2209 | D:3      | 2209 ||| DROPPING +0 scale mail.
  2210 | D:3      | 2210 ||| UPGRADING to ring of resist corrosion.
  2281 | D:4      | 2281 ||| Stepping ~*~*~tactically~*~*~ (hiding).
  2282 | D:4      | 2282 ||| Stepping ~*~*~tactically~*~*~ (hiding).
  2283 | D:4      | 2283 ||| Stepping ~*~*~tactically~*~*~ (hiding).
  2285 | D:4      | 2285 ||| Stepping ~*~*~tactically~*~*~ (hiding).
  2289 | D:4      | Reached XP level 7. HP: 44/44 MP: 7/7
  2403 | D:4      | Found a shadowy altar of Dithmenos.
  2407 | D:4      | Found Efrich's Antique Armour Emporium.
  2413 | D:4      | 2413 ||| SWAPPING to +1 heavy war axe.
  2414 | D:4      | 2414 ||| DROPPING +0 war axe.
  2420 | D:4      | 2420 ||| SHOPLISTING pair of masterwork gloves (247 gold,
                  | have 200).
  2420 | D:4      | 2420 ||| SHOPLISTING plate armour (598 gold, have 200).
  2621 | D:4      | 2621 ||| Stepping ~*~*~tactically~*~*~ (stealth).
  2780 | D:4      | 2780 ||| Stepping ~*~*~tactically~*~*~ (stealth).
  2781 | D:4      | 2781 ||| Stepping ~*~*~tactically~*~*~ (stealth).
  2785 | D:4      | 2785 ||| Stepping ~*~*~tactically~*~*~ (stealth).
  2979 | D:4      | 2979 ||| READING 2 scrolls labelled LULOASECKI.
  2980 | D:4      | 2980 ||| READING scroll labelled DITUFEENEU.
  2981 | D:4      | 2981 ||| DROPPING scroll of noise.
  2989 | D:5      | Entered Level 5 of the Dungeon
  2990 | D:5      | 2990 ||| PLANNING SEWER
  2996 | D:5      | Reached skill level 6 in Axes
  3008 | D:5      | Found a stormy altar of Qazlal.
  3045 | D:5      | Found a basalt altar of Yredelemnul.
  3085 | D:5      | 3085 ||| Stepping ~*~*~tactically~*~*~ (stealth).
  3096 | D:5      | 3096 ||| Stepping ~*~*~tactically~*~*~ (stealth).
  3103 | D:5      | Found an ancient bone altar of Kikubaaqudgha.
  3122 | D:5      | Reached skill level 7 in Axes
  3122 | D:5      | Reached XP level 8. HP: 47/49 MP: 8/8
  3147 | D:5      | Found a glowing drain.
  3166 | Sewer    | Entered a sewer
  3188 | Sewer    | 3188 ||| Stepping ~*~*~tactically~*~*~ (water).
  3200 | Sewer    | 3200 ||| Stepping ~*~*~tactically~*~*~ (water).
  3233 | Sewer    | 3233 ||| READING scroll labelled OTAINLOOLI.
  3234 | Sewer    | 3234 ||| DRINKING 2 yellow potions.
  3234 | Sewer    | Gained mutation: You have sharp toenails. [potion of
                  | mutation]
  3234 | Sewer    | Gained mutation: You possess an exceptional clarity of
                  | mind. [potion of mutation]
  3234 | Sewer    | Gained mutation: You passively dampen the noise of your
                  | surroundings. [potion of mutation]
  3235 | Sewer    | 3235 ||| READING 4 scrolls of identify.
  3235 | Sewer    | 3235 ||| IDENTIFYING bubbling amethyst potion
  3236 | Sewer    | 3236 ||| READING 3 scrolls of identify.
  3236 | Sewer    | 3236 ||| IDENTIFYING sedimented dark potion
  3237 | Sewer    | 3237 ||| READING 2 scrolls of identify.
  3237 | Sewer    | 3237 ||| IDENTIFYING green potion
  3245 | D:5      | 3245 ||| PLANNING D:1-11
  3282 | D:5      | Found an ornate altar of the Wu Jian Council.
  3403 | D:5      | 3403 ||| Stepping ~*~*~tactically~*~*~ (stealth).
  3433 | D:5      | 3433 ||| FLEEEEING.
  3434 | D:5      | 3434 ||| FLEEEEING.
  3513 | D:5      | Found a glowing golden altar of the Shining One.
  3536 | D:5      | 3536 ||| Stepping ~*~*~tactically~*~*~ (stealth).
  3730 | D:6      | Noticed a two-headed ogre
  3735 | D:6      | HP: 9/49 [two-headed ogre/+0 giant spiked club (6)]
  3736 | D:6      | 3736 ||| READING 2 scrolls of teleportation.
  3737 | D:6      | 3737 ||| DRINKING 2 potions of heal wounds.
  3739 | D:6      | Killed a two-headed ogre
  3740 | D:6      | Reached skill level 9 in Axes
  3901 | D:6      | Reached XP level 9. HP: 42/54 MP: 9/9
  4001 | D:6      | Found a staircase to the Ecumenical Temple.
  4002 | D:6      | 4002 ||| PLANNING TEMPLE
  4002 | D:6      | 4002 ||| UPGRADING to +0 kite shield.
  4012 | D:6      | 4012 ||| DROPPING +0 buckler.
  4013 | D:6      | 4013 ||| READING scroll labelled POIFUBA EZUPUOCRIN.
  4019 | Temple   | Entered the Ecumenical Temple
  4036 | Temple   | 4036 ||| PLANNING OKAWARU WORSHIP
  4106 | Temple   | Became a worshipper of Warmaster Okawaru
  4107 | Temple   | 4107 ||| PLANNING D:1-11
  4173 | D:6      | 4173 ||| FLEEEEING.
  4174 | D:6      | 4174 ||| FLEEEEING.
  4187 | D:6      | 4187 ||| FLEEEEING.
  4188 | D:6      | 4188 ||| FLEEEEING.
  4189 | D:6      | 4189 ||| STAIRDANCE
  4276 | D:5      | 4276 ||| READING scroll labelled XOABANW AZOICH.
  4593 | D:6      | 4593 ||| Stepping ~*~*~tactically~*~*~ (hiding).
  4595 | D:6      | 4595 ||| Stepping ~*~*~tactically~*~*~ (hiding).
  4623 | D:6      | 4623 ||| Stepping ~*~*~tactically~*~*~ (stealth).
  4845 | D:6      | 4845 ||| READING 3 scrolls of identify.
  4845 | D:6      | 4845 ||| IDENTIFYING metallic orange potion
  4846 | D:6      | 4846 ||| READING 2 scrolls of identify.
  4846 | D:6      | 4846 ||| IDENTIFYING fizzy pink potion
  4847 | D:6      | 4847 ||| DROPPING potion of degeneration.
  4913 | D:7      | Reached skill level 6 in Shields
  4925 | D:7      | 4925 ||| Stepping ~*~*~tactically~*~*~ (stealth).
  4927 | D:7      | 4927 ||| FLEEEEING.
  4928 | D:7      | 4928 ||| STAIRDANCE
  5007 | D:7      | 5007 ||| Stepping ~*~*~tactically~*~*~ (hiding).
  5013 | D:7      | 5013 ||| Stepping ~*~*~tactically~*~*~ (hiding).
  5021 | D:7      | 5021 ||| Stepping ~*~*~tactically~*~*~ (hiding).
  5025 | D:7      | Found a shimmering altar of Xom.
  5039 | D:7      | 5039 ||| Stepping ~*~*~tactically~*~*~ (stealth).
  5042 | D:7      | 5042 ||| Stepping ~*~*~tactically~*~*~ (hiding).
  5084 | D:7      | 5084 ||| Stepping ~*~*~tactically~*~*~ (stealth).
  5088 | D:7      | 5088 ||| Stepping ~*~*~tactically~*~*~ (hiding).
  5124 | D:7      | Noticed a hornet
  5129 | D:7      | Killed a hornet
  5239 | D:7      | Reached * piety under Okawaru
  5255 | D:7      | 5255 ||| READING scroll of enchant armour.
  5255 | D:7      | 5255 ||| ENCHANTING +0 pair of gloves.
  5273 | D:7      | Found Figip's Magic Scroll Emporium.
  5282 | D:7      | 5282 ||| BUYING scroll of enchant armour (90 gold).
  5282 | D:7      | Bought a scroll of enchant armour for 90 gold pieces
  5282 | D:7      | 5282 ||| READING scroll of enchant armour.
  5282 | D:7      | 5282 ||| ENCHANTING +1 pair of gloves.
  5406 | D:7      | 5406 ||| Stepping ~*~*~tactically~*~*~ (hiding).
  5408 | D:7      | 5408 ||| Stepping ~*~*~tactically~*~*~ (hiding).
  5483 | D:7      | Reached skill level 1 in Invocations
  5572 | D:7      | Found a flagged portal.
  5577 | D:7      | Reached skill level 6 in Fighting
  5736 | D:7      | 5736 ||| DROPPING ring of flight.
  5737 | D:7      | 5737 ||| READING scroll labelled TAAMNE TUES.
  5738 | D:7      | 5738 ||| READING 4 scrolls of identify.
  5738 | D:7      | 5738 ||| IDENTIFYING fuming red potion
  5739 | D:7      | 5739 ||| DROPPING potion of ambrosia.
  5777 | D:8      | 5777 ||| Stepping ~*~*~tactically~*~*~ (stealth).
  5779 | D:8      | 5779 ||| INVOKING Heroism.
  5781 | D:8      | 5781 ||| Stepping ~*~*~tactically~*~*~ (stealth).
  5791 | D:8      | 5791 ||| INVOKING Heroism.
  5804 | D:8      | 5804 ||| FLEEEEING.
  5805 | D:8      | 5805 ||| FLEEEEING.
  5806 | D:8      | 5806 ||| FLEEEEING.
  5807 | D:8      | 5807 ||| FLEEEEING.
  5808 | D:8      | 5808 ||| STAIRDANCE
  5863 | D:8      | 5863 ||| INVOKING Heroism.
  5866 | D:8      | Reached XP level 10. HP: 61/61 MP: 8/11
  5925 | D:8      | Found a bloodstained altar of Trog.
  5935 | D:8      | 5935 ||| Stepping ~*~*~tactically~*~*~ (stealth).
  5977 | D:8      | Found a radiant altar of Vehumet.
  5978 | D:8      | 5978 ||| INVOKING Heroism.
  6083 | D:8      | 6083 ||| DROPPING +0 flail.
  6105 | D:8      | Found Paelebb Goba's Hydra Hut.
  6185 | D:8      | Noticed a four-headed hydra
  6239 | D:8      | 6239 ||| Stepping ~*~*~tactically~*~*~ (hiding).
  6240 | D:8      | 6240 ||| Stepping ~*~*~tactically~*~*~ (hiding).
  6243 | D:8      | Reached skill level 3 in Invocations
  6359 | D:8      | Noticed Maurice
  6368 | D:8      | Killed Maurice
  6486 | D:8      | Found a hazy altar of Hepliaklqana.
  6618 | D:8      | 6618 ||| UPGRADING to +0 cloak.
  6712 | D:9      | Noticed a skeletal warrior
  6713 | D:9      | 6713 ||| INVOKING Heroism.
  6722 | D:9      | HP: 12/63 [skeletal warrior/+0 flail of draining (9)]
  6723 | D:9      | 6723 ||| READING 2 scrolls of teleportation.
  6724 | D:9      | 6724 ||| DRINKING potion of heal wounds.
  6726 | D:9      | Killed a skeletal warrior
  6727 | D:9      | Reached skill level 6 in Armour
  6846 | D:9      | 6846 ||| Stepping ~*~*~tactically~*~*~ (hiding).
  6853 | D:9      | 6853 ||| Stepping ~*~*~tactically~*~*~ (hiding).
  6857 | D:9      | 6857 ||| INVOKING Heroism.
  6859 | D:9      | 6859 ||| Stepping ~*~*~tactically~*~*~ (hiding).
  6878 | D:9      | 6878 ||| Stepping ~*~*~tactically~*~*~ (stealth).
  6884 | D:9      | Found a staircase to the Lair.
  6890 | D:9      | Reached ** piety under Okawaru
  6925 | D:9      | 6925 ||| Stepping ~*~*~tactically~*~*~ (stealth).
  6929 | D:9      | Reached skill level 9 in Shields
  6977 | D:9      | Noticed a kobold demonologist
  6978 | D:9      | 6978 ||| Stepping ~*~*~tactically~*~*~ (hiding).
  6981 | D:9      | 6981 ||| Stepping ~*~*~tactically~*~*~ (hiding).
  7000 | D:9      | Reached skill level 10 in Axes
  7016 | D:9      | Killed a kobold demonologist
  7016 | D:9      | Reached *** piety under Okawaru
  7017 | D:9      | Reached XP level 11. HP: 69/69 MP: 14/14
  7058 | D:9      | 7058 ||| Stepping ~*~*~tactically~*~*~ (hiding).
  7077 | D:9      | 7077 ||| INVOKING Heroism.
  7091 | D:9      | 7091 ||| Stepping ~*~*~tactically~*~*~ (stealth).
  7131 | D:9      | 7131 ||| Stepping ~*~*~tactically~*~*~ (stealth).
  7133 | D:9      | 7133 ||| Stepping ~*~*~tactically~*~*~ (hiding).
  7158 | D:9      | 7158 ||| READING scroll of enchant weapon.
  7158 | D:9      | 7158 ||| ENCHANTING +2 heavy war axe.
  7190 | D:9      | Noticed a two-headed ogre
  7191 | D:9      | 7191 ||| INVOKING Heroism.
  7197 | D:9      | Killed a two-headed ogre
  7208 | D:9      | 7208 ||| INVOKING Heroism.
  7218 | D:9      | Reached skill level 11 in Axes
  7263 | D:9      | 7263 ||| Stepping ~*~*~tactically~*~*~ (stealth).
  7266 | D:9      | 7266 ||| Stepping ~*~*~tactically~*~*~ (stealth).
  7268 | D:9      | 7268 ||| Stepping ~*~*~tactically~*~*~ (stealth).
  7286 | D:9      | 7286 ||| INVOKING Heroism.
  7371 | D:9      | 7371 ||| Stepping ~*~*~tactically~*~*~ (hiding).
  7389 | D:9      | Found Ceuxt's Elemental Accessories.
  7399 | D:9      | 7399 ||| Stepping ~*~*~tactically~*~*~ (hiding).
  7401 | D:9      | 7401 ||| Stepping ~*~*~tactically~*~*~ (hiding).
  7607 | D:9      | Noticed a deep elf pyromancer
  7608 | D:9      | 7608 ||| Stepping ~*~*~tactically~*~*~ (hiding).
  7609 | D:9      | 7609 ||| Stepping ~*~*~tactically~*~*~ (hiding).
  7612 | D:9      | Killed a deep elf pyromancer
  7612 | D:9      | Reached **** piety under Okawaru
  7668 | D:9      | Noticed a brown ugly thing
  7674 | D:9      | 7674 ||| INVOKING Heroism.
  7675 | D:9      | Killed a brown ugly thing
  7798 | D:9      | 7798 ||| Stepping ~*~*~tactically~*~*~ (hiding).
  7805 | D:9      | 7805 ||| Stepping ~*~*~tactically~*~*~ (hiding).
  7946 | D:9      | 7946 ||| PLANNING LAIR
  7946 | D:9      | 7946 ||| READING scroll labelled TYTIDE NEUF.
  7972 | Lair:1   | Entered Level 1 of the Lair of Beasts
  7976 | Lair:1   | 7976 ||| INVOKING Heroism.
  8013 | Lair:1   | 8013 ||| INVOKING Heroism.
  8075 | Lair:1   | 8075 ||| INVOKING Heroism.
  8077 | Lair:1   | Received a gift from Okawaru
  8104 | Lair:1   | 8104 ||| Stepping ~*~*~tactically~*~*~ (stealth).
  8106 | Lair:1   | 8106 ||| Stepping ~*~*~tactically~*~*~ (stealth).
  8108 | Lair:1   | 8108 ||| INVOKING Heroism.
  8114 | Lair:1   | Reached skill level 3 in Throwing
  8118 | Lair:1   | Reached skill level 9 in Fighting
  8148 | Lair:1   | 8148 ||| FLEEEEING.
  8149 | Lair:1   | 8149 ||| FLEEEEING.
  8150 | Lair:1   | 8150 ||| FLEEEEING.
  8151 | Lair:1   | 8151 ||| FLEEEEING.
  8192 | Lair:1   | 8192 ||| INVOKING Heroism.
  8374 | Lair:1   | 8374 ||| INVOKING Heroism.
  8422 | Lair:1   | 8422 ||| INVOKING Heroism.
  8570 | Lair:1   | 8570 ||| INVOKING Heroism.
  8854 | Lair:1   | 8854 ||| READING 4 scrolls of identify.
  8854 | Lair:1   | 8854 ||| IDENTIFYING white potion
  8855 | Lair:1   | 8855 ||| DROPPING potion of brilliance.
  8904 | Lair:2   | Reached XP level 12. HP: 69/76 MP: 15/15
  9067 | Lair:2   | 9067 ||| Stepping ~*~*~tactically~*~*~ (stealth).
  9079 | Lair:2   | 9079 ||| Stepping ~*~*~tactically~*~*~ (stealth).
  9357 | Lair:2   | 9357 ||| INVOKING Heroism.
  9446 | Lair:2   | Reached skill level 12 in Axes
  9494 | Lair:2   | 9494 ||| INVOKING Heroism.
  9526 | Lair:2   | 9526 ||| INVOKING Heroism.
  9645 | Lair:2   | Reached skill level 6 in Invocations
  9663 | Lair:2   | Received a gift from Okawaru
 10070 | Lair:3   | Found a staircase to the Snake Pit.
 10077 | Lair:3   | 10077 ||| Stepping ~*~*~tactically~*~*~ (stealth).
 10144 | Lair:3   | Found a staircase to the Swamp.
 10225 | Lair:3   | Noticed a death yak
 10227 | Lair:3   | Noticed qw's ghost (journeyman GrFi)
 10229 | Lair:3   | Found a runed translucent gate.
 10230 | Lair:3   | Found a runed translucent gate.
 10260 | Lair:3   | Noticed a skyshark
 10269 | Lair:3   | Killed a skyshark
 10310 | Lair:3   | Found an iron altar of Okawaru.
 10509 | Lair:3   | 10509 ||| Stepping ~*~*~tactically~*~*~ (stealth).
 10511 | Lair:3   | 10511 ||| INVOKING Heroism.
 10655 | Lair:3   | 10655 ||| INVOKING Heroism.
 10753 | Lair:3   | Found a runed translucent gate.
 10943 | Lair:3   | Noticed a seven-headed hydra
 10944 | Lair:3   | 10944 ||| INVOKING Heroism.
 10945 | Lair:3   | 10945 ||| SWAPPING to +0 morningstar.
 10952 | Lair:3   | Killed a seven-headed hydra
 10952 | Lair:3   | Received a gift from Okawaru
 10953 | Lair:3   | 10953 ||| SWAPPING to +3 heavy war axe.
 11480 | Lair:4   | 11480 ||| INVOKING Heroism.
 11487 | Lair:4   | Reached XP level 13. HP: 82/82 MP: 17/19
 11554 | Lair:4   | Reached skill level 9 in Invocations
 11554 | Lair:4   | 11554 ||| INVOKING Heroism.
 11562 | Lair:4   | 11562 ||| FLEEEEING.
 11567 | Lair:4   | 11567 ||| FLEEEEING.
 11568 | Lair:4   | 11568 ||| FLEEEEING.
 11569 | Lair:4   | 11569 ||| FLEEEEING.
 11570 | Lair:4   | 11570 ||| FLEEEEING.
 11571 | Lair:4   | 11571 ||| FLEEEEING.
 11572 | Lair:4   | 11572 ||| STAIRDANCE
 11726 | Lair:3   | 11726 ||| READING 8 scrolls of identify.
 11726 | Lair:3   | 11726 ||| IDENTIFYING dark potion
 11875 | Lair:4   | 11875 ||| INVOKING Heroism.
 11879 | Lair:4   | 11879 ||| SWAPPING to +0 morningstar.
 11886 | Lair:4   | 11886 ||| SWAPPING to +3 heavy war axe.
 11978 | Lair:4   | 11978 ||| INVOKING Heroism.
 12371 | Lair:4   | Reached skill level 13 in Axes
 12382 | Lair:4   | Reached ***** piety under Okawaru
 12465 | Lair:4   | Found a staircase to the Slime Pits.
 12586 | Lair:4   | 12586 ||| READING 2 scrolls labelled ZYUNYE JECRYURCHOA.
 12586 | Lair:4   | Identified 2 scrolls of acquirement
 12586 | Lair:4   | 12586 ||| ACQUIRING +1 broad axe of flaming
 12586 | Lair:4   | Acquired a +1 broad axe of flaming
 12588 | Lair:4   | 12588 ||| SWAPPING to +1 broad axe of flaming.
 12589 | Lair:4   | 12589 ||| DROPPING +0 morningstar.
 12590 | Lair:4   | 12590 ||| DROPPING +3 heavy war axe.
 12591 | Lair:4   | 12591 ||| READING scroll of acquirement.
 12591 | Lair:4   | 12591 ||| ACQUIRING +5 broad axe of Cowardice {freeze, MP+9
                  | Str+3}
 12591 | Lair:4   | Acquired the +5 broad axe of Cowardice {freeze, MP+9 Str+3}
 12630 | Lair:5   | Entered Level 5 of the Lair of Beasts
 12660 | Lair:5   | 12660 ||| Stepping ~*~*~tactically~*~*~ (hiding).
 12858 | Lair:5   | 12858 ||| INVOKING Heroism.
 12934 | Lair:5   | 12934 ||| Stepping ~*~*~tactically~*~*~ (stealth).
 13025 | Lair:5   | 13025 ||| Stepping ~*~*~tactically~*~*~ (stealth).
 13099 | Lair:5   | 13099 ||| Stepping ~*~*~tactically~*~*~ (stealth).
 13101 | Lair:5   | 13101 ||| INVOKING Heroism.
 13106 | Lair:5   | 13106 ||| Stepping ~*~*~tactically~*~*~ (stealth).
 13124 | Lair:5   | 13124 ||| INVOKING Heroism.
 13135 | Lair:5   | 13135 ||| INVOKING Finesse.
 13141 | Lair:5   | Reached skill level 14 in Axes
 13171 | Lair:5   | 13171 ||| Stepping ~*~*~tactically~*~*~ (stealth).
 13210 | Lair:5   | 13210 ||| Stepping ~*~*~tactically~*~*~ (stealth).
 13218 | Lair:5   | 13218 ||| INVOKING Heroism.
 13221 | Lair:5   | Received a gift from Okawaru
 13230 | Lair:5   | 13230 ||| Stepping ~*~*~tactically~*~*~ (stealth).
 13237 | Lair:5   | 13237 ||| INVOKING Finesse.
 13271 | Lair:5   | 13271 ||| Stepping ~*~*~tactically~*~*~ (stealth).
 13283 | Lair:5   | 13283 ||| Stepping ~*~*~tactically~*~*~ (stealth).
 13289 | Lair:5   | 13289 ||| INVOKING Heroism.
 13301 | Lair:5   | 13301 ||| Stepping ~*~*~tactically~*~*~ (stealth).
 13303 | Lair:5   | 13303 ||| Stepping ~*~*~tactically~*~*~ (stealth).
 13364 | Lair:5   | 13364 ||| INVOKING Heroism.
 13405 | Lair:5   | 13405 ||| Stepping ~*~*~tactically~*~*~ (stealth).
 13407 | Lair:5   | 13407 ||| Stepping ~*~*~tactically~*~*~ (stealth).
 13418 | Lair:5   | Gained mutation: Your large and strong wings let you fly.
                  | [Gargoyle growth]
 13418 | Lair:5   | Reached XP level 14. HP: 90/90 MP: 21/21
 13422 | Lair:5   | 13422 ||| Stepping ~*~*~tactically~*~*~ (stealth).
 13435 | Lair:5   | 13435 ||| INVOKING Heroism.
 13437 | Lair:5   | Received a gift from Okawaru
 13834 | Lair:5   | 13834 ||| INVOKING Heroism.
 13839 | Lair:5   | Received a gift from Okawaru
 14005 | Lair:5   | 14005 ||| PLANNING D:1-11
 14005 | Lair:5   | 14005 ||| UPGRADING to amulet of the acrobat.
 14135 | D:10     | Entered Level 10 of the Dungeon
 14157 | D:10     | 14157 ||| Stepping ~*~*~tactically~*~*~ (hiding).
 14165 | D:10     | 14165 ||| Stepping ~*~*~tactically~*~*~ (hiding).
 14464 | D:10     | 14464 ||| Stepping ~*~*~tactically~*~*~ (hiding).
 14465 | D:10     | 14465 ||| Stepping ~*~*~tactically~*~*~ (hiding).
 14475 | D:10     | 14475 ||| Stepping ~*~*~tactically~*~*~ (stealth).
 14492 | D:10     | Reached skill level 9 in Armour
 14552 | D:10     | 14552 ||| Stepping ~*~*~tactically~*~*~ (hiding).
 14885 | D:10     | Found a staircase to the Orcish Mines.
 14913 | D:10     | 14913 ||| INVOKING Heroism.
 15207 | D:10     | Found a portal to a secret trove of treasure.
 15254 | D:10     | 15254 ||| Stepping ~*~*~tactically~*~*~ (stealth).
 15255 | D:10     | 15255 ||| Stepping ~*~*~tactically~*~*~ (stealth).
 15257 | D:10     | 15257 ||| Stepping ~*~*~tactically~*~*~ (stealth).
 15261 | D:10     | 15261 ||| Stepping ~*~*~tactically~*~*~ (stealth).
 15265 | D:10     | 15265 ||| INVOKING Heroism.
 15266 | D:10     | 15266 ||| INVOKING Finesse.
 15278 | D:10     | Reached skill level 12 in Shields
 15314 | D:10     | 15314 ||| Stepping ~*~*~tactically~*~*~ (hiding).
 15319 | D:10     | 15319 ||| INVOKING Heroism.
 15342 | D:10     | 15342 ||| INVOKING Finesse.
 15351 | D:10     | 15351 ||| Stepping ~*~*~tactically~*~*~ (hiding).
 15568 | D:10     | Found an opulent altar of Gozag.
 15604 | D:10     | Found a sacrificial altar of Ru.
 15605 | D:10     | 15605 ||| UPGRADING to +0 pair of boots.
 15610 | D:10     | 15610 ||| UPGRADING to +0 plate armour.
 15620 | D:10     | 15620 ||| DROPPING +0 chain mail.
 15621 | D:10     | 15621 ||| UPGRADING to amulet of faith.
 15848 | D:11     | 15848 ||| Stepping ~*~*~tactically~*~*~ (hiding).
 15902 | D:11     | 15902 ||| Stepping randomly (disturbance).
 15903 | D:11     | 15903 ||| Stepping randomly (disturbance).
 15905 | D:11     | 15905 ||| Stepping ~*~*~tactically~*~*~ (stealth).
 16136 | D:11     | 16136 ||| Stepping ~*~*~tactically~*~*~ (hiding).
 16137 | D:11     | 16137 ||| Stepping ~*~*~tactically~*~*~ (hiding).
 16138 | D:11     | 16138 ||| Stepping ~*~*~tactically~*~*~ (hiding).
 16609 | D:11     | 16609 ||| PLANNING D
 16630 | D:12     | 16630 ||| Stepping ~*~*~tactically~*~*~ (hiding).
 16645 | D:12     | 16645 ||| FLEEEEING.
 16646 | D:12     | 16646 ||| STAIRDANCE
 16741 | D:12     | 16741 ||| Stepping ~*~*~tactically~*~*~ (hiding).
 16748 | D:12     | 16748 ||| INVOKING Heroism.
 16752 | D:12     | 16752 ||| Stepping ~*~*~tactically~*~*~ (hiding).
 16753 | D:12     | 16753 ||| Stepping ~*~*~tactically~*~*~ (hiding).
 16808 | D:12     | 16808 ||| Stepping ~*~*~tactically~*~*~ (stealth).
 16809 | D:12     | 16809 ||| Stepping ~*~*~tactically~*~*~ (stealth).
 16863 | D:12     | 16863 ||| Stepping ~*~*~tactically~*~*~ (stealth).
 16890 | D:12     | 16890 ||| READING scroll of enchant armour.
 16890 | D:12     | 16890 ||| ENCHANTING +0 helmet.
 16906 | D:12     | 16906 ||| INVOKING Heroism.
 16909 | D:12     | 16909 ||| Stepping ~*~*~tactically~*~*~ (hiding).
 17167 | D:12     | 17167 ||| READING 3 scrolls of enchant weapon.
 17167 | D:12     | 17167 ||| ENCHANTING +1 broad axe of flaming.
 17168 | D:12     | 17168 ||| READING 2 scrolls of enchant weapon.
 17168 | D:12     | 17168 ||| ENCHANTING +2 broad axe of flaming.
 17169 | D:12     | 17169 ||| READING scroll of enchant weapon.
 17169 | D:12     | 17169 ||| ENCHANTING +3 broad axe of flaming.
 17417 | D:12     | 17417 ||| Stepping ~*~*~tactically~*~*~ (stealth).
 17418 | D:12     | 17418 ||| INVOKING Heroism.
 17461 | D:12     | 17461 ||| INVOKING Heroism.
 17563 | D:12     | 17563 ||| INVOKING Heroism.
 17571 | D:12     | HP: 18/90 [troll (6)]
 17572 | D:12     | 17572 ||| READING 5 scrolls of teleportation.
 17574 | D:12     | Identified the +1 scale mail of the Grue {Dex+2} (Okawaru
                  | gifted it to you on level 12 of the Dungeon)
 17574 | D:12     | Received a gift from Okawaru
 17603 | D:12     | 17603 ||| FLEEEEING.
 17604 | D:12     | 17604 ||| FLEEEEING.
 17605 | D:12     | 17605 ||| FLEEEEING.
 17606 | D:12     | 17606 ||| FLEEEEING.
 17607 | D:12     | 17607 ||| FLEEEEING.
 17608 | D:12     | 17608 ||| FLEEEEING.
 17609 | D:12     | 17609 ||| FLEEEEING.
 17610 | D:12     | 17610 ||| FLEEEEING.
 17611 | D:12     | 17611 ||| STAIRDANCE
 17778 | D:11     | 17778 ||| READING 2 scrolls labelled HYIROO NITOUK.
 17832 | D:11     | 17832 ||| DROPPING scroll of torment.
 17978 | D:12     | 17978 ||| INVOKING Heroism.
 18043 | D:12     | 18043 ||| Stepping ~*~*~tactically~*~*~ (hiding).
 18276 | D:13     | Noticed Sonja
 18277 | D:13     | 18277 ||| INVOKING Heroism.
 18278 | D:13     | 18278 ||| INVOKING Finesse.
 18282 | D:13     | Killed Sonja
 18455 | D:13     | 18455 ||| INVOKING Heroism.
 18468 | D:13     | HP: 19/90 [white ugly thing (22)]
 18469 | D:13     | 18469 ||| READING 4 scrolls of teleportation.
 18571 | D:13     | 18571 ||| INVOKING Heroism.
 18581 | D:13     | Reached skill level 15 in Axes
 18725 | D:13     | Reached XP level 15. HP: 94/94 MP: 22/22
 18729 | D:13     | 18729 ||| Stepping ~*~*~tactically~*~*~ (stealth).
 18731 | D:13     | 18731 ||| Stepping ~*~*~tactically~*~*~ (stealth).
 18734 | D:13     | 18734 ||| Stepping ~*~*~tactically~*~*~ (stealth).
 18752 | D:13     | 18752 ||| Stepping ~*~*~tactically~*~*~ (stealth).
 18754 | D:13     | 18754 ||| Stepping ~*~*~tactically~*~*~ (stealth).
 18757 | D:13     | 18757 ||| Stepping ~*~*~tactically~*~*~ (stealth).
 18773 | D:13     | 18773 ||| Stepping ~*~*~tactically~*~*~ (stealth).
 18801 | D:13     | Noticed Urug
 18802 | D:13     | Reached skill level 12 in Fighting
 18802 | D:13     | 18802 ||| INVOKING Heroism.
 18807 | D:13     | 18807 ||| Stepping ~*~*~tactically~*~*~ (hiding).
 18821 | D:13     | Killed Urug
 18862 | D:13     | 18862 ||| Stepping ~*~*~tactically~*~*~ (stealth).
 18863 | D:13     | 18863 ||| Stepping ~*~*~tactically~*~*~ (stealth).
 18874 | D:13     | Found a gate to the Vaults.
 19349 | D:14     | 19349 ||| Stepping ~*~*~tactically~*~*~ (hiding).
 19355 | D:14     | Reached skill level 6 in Throwing
 19560 | D:14     | 19560 ||| FLEEEEING.
 19561 | D:14     | 19561 ||| FLEEEEING.
 19562 | D:14     | 19562 ||| FLEEEEING.
 19563 | D:14     | 19563 ||| FLEEEEING.
 19564 | D:14     | 19564 ||| FLEEEEING.
 19569 | D:14     | 19569 ||| FLEEEEING.
 19570 | D:14     | 19570 ||| FLEEEEING.
 19571 | D:14     | 19571 ||| FLEEEEING.
 19572 | D:14     | 19572 ||| FLEEEEING.
 19573 | D:14     | 19573 ||| FLEEEEING.
 19574 | D:14     | 19574 ||| FLEEEEING.
 19575 | D:14     | 19575 ||| FLEEEEING.
 19576 | D:14     | 19576 ||| FLEEEEING.
 19582 | D:14     | 19582 ||| FLEEEEING.
 19583 | D:14     | 19583 ||| FLEEEEING.
 19584 | D:14     | 19584 ||| FLEEEEING.
 19585 | D:14     | 19585 ||| FLEEEEING.
 19587 | D:14     | 19587 ||| INVOKING Heroism.
 19756 | D:14     | 19756 ||| FLEEEEING.
 19757 | D:14     | 19757 ||| FLEEEEING.
 19764 | D:14     | 19764 ||| Stepping ~*~*~tactically~*~*~ (hiding).
 19766 | D:14     | 19766 ||| Stepping ~*~*~tactically~*~*~ (hiding).
 19767 | D:14     | 19767 ||| Stepping ~*~*~tactically~*~*~ (hiding).
 19771 | D:14     | 19771 ||| Stepping ~*~*~tactically~*~*~ (hiding).
 19824 | D:14     | 19824 ||| Stepping ~*~*~tactically~*~*~ (stealth).
 19831 | D:14     | 19831 ||| Stepping ~*~*~tactically~*~*~ (stealth).
 19852 | D:14     | 19852 ||| FLEEEEING.
 19853 | D:14     | 19853 ||| FLEEEEING.
 19854 | D:14     | 19854 ||| FLEEEEING.
 19855 | D:14     | 19855 ||| FLEEEEING.
 19856 | D:14     | 19856 ||| FLEEEEING.
 19857 | D:14     | 19857 ||| FLEEEEING.
 19858 | D:14     | 19858 ||| FLEEEEING.
 19859 | D:14     | 19859 ||| FLEEEEING.
 19860 | D:14     | 19860 ||| FLEEEEING.
 19861 | D:14     | 19861 ||| FLEEEEING.
 19863 | D:14     | 19863 ||| FLEEEEING.
 19864 | D:14     | 19864 ||| FLEEEEING.
 19865 | D:14     | 19865 ||| FLEEEEING.
 19866 | D:14     | 19866 ||| FLEEEEING.
 19867 | D:14     | 19867 ||| FLEEEEING.
 19868 | D:14     | 19868 ||| FLEEEEING.
 19869 | D:14     | 19869 ||| FLEEEEING.
 19872 | D:14     | 19872 ||| INVOKING Heroism.
 20174 | D:14     | 20174 ||| INVOKING Heroism.
 20206 | D:14     | HP: 21/96 [meliai/divine providence (10)]
 20207 | D:14     | 20207 ||| READING 4 scrolls of teleportation.
 20630 | D:14     | Reached skill level 16 in Axes
 20694 | D:14     | 20694 ||| INVOKING Heroism.
 20730 | D:14     | 20730 ||| INVOKING Heroism.
 20984 | D:14     | 20984 ||| DROPPING +2 pair of gloves.
 20985 | D:14     | 20985 ||| DROPPING +6 ring of intelligence.
 20986 | D:14     | 20986 ||| UPGRADING to ring of see invisible.
 20987 | D:14     | 20987 ||| DROPPING ring of magical power.
 20995 | D:15     | Entered Level 15 of the Dungeon
 20997 | D:15     | 20997 ||| Stepping ~*~*~tactically~*~*~ (hiding).
 21012 | D:15     | 21012 ||| Stepping ~*~*~tactically~*~*~ (hiding).
 21024 | D:15     | 21024 ||| STAIRDANCE
 21091 | D:15     | 21091 ||| Stepping ~*~*~tactically~*~*~ (stealth).
 21151 | D:15     | 21151 ||| INVOKING Heroism.
 21151 | D:15     | HP: 22/96 [yaktaur/bolt (19)]
 21152 | D:15     | 21152 ||| READING 3 scrolls of teleportation.
 21153 | D:15     | 21153 ||| DRINKING potion of heal wounds.
 21449 | D:15     | 21449 ||| Stepping ~*~*~tactically~*~*~ (hiding).
 21450 | D:15     | 21450 ||| Stepping ~*~*~tactically~*~*~ (hiding).
 21459 | D:15     | 21459 ||| INVOKING Heroism.
 21470 | D:15     | 21470 ||| Stepping ~*~*~tactically~*~*~ (hiding).
 21472 | D:15     | 21472 ||| Stepping ~*~*~tactically~*~*~ (hiding).
 21522 | D:15     | 21522 ||| FLEEEEING.
 21523 | D:15     | 21523 ||| FLEEEEING.
 21569 | D:15     | 21569 ||| Stepping ~*~*~tactically~*~*~ (stealth).
 21690 | D:15     | 21690 ||| Stepping ~*~*~tactically~*~*~ (stealth).
 21873 | D:15     | 21873 ||| Stepping ~*~*~tactically~*~*~ (hiding).
 21875 | D:15     | 21875 ||| INVOKING Heroism.
 21887 | D:15     | Reached skill level 12 in Armour
 21931 | D:15     | 21931 ||| FLEEEEING.
 21932 | D:15     | 21932 ||| FLEEEEING.
 21933 | D:15     | 21933 ||| FLEEEEING.
 21934 | D:15     | 21934 ||| FLEEEEING.
 21935 | D:15     | 21935 ||| FLEEEEING.
 21936 | D:15     | 21936 ||| FLEEEEING.
 21939 | D:15     | 21939 ||| FLEEEEING.
 21940 | D:15     | 21940 ||| FLEEEEING.
 21941 | D:15     | 21941 ||| FLEEEEING.
 21942 | D:15     | 21942 ||| Stepping ~*~*~tactically~*~*~ (hiding).
 21987 | D:15     | 21987 ||| Stepping ~*~*~tactically~*~*~ (hiding).
 21990 | D:15     | 21990 ||| Stepping ~*~*~tactically~*~*~ (hiding).
 21992 | D:15     | 21992 ||| Stepping ~*~*~tactically~*~*~ (hiding).
 21994 | D:15     | 21994 ||| Stepping ~*~*~tactically~*~*~ (hiding).
 21999 | D:15     | Received a gift from Okawaru
 22075 | D:15     | Found a staircase to the Depths.
 22114 | D:15     | 22114 ||| Stepping ~*~*~tactically~*~*~ (hiding).
 22117 | D:15     | 22117 ||| Stepping ~*~*~tactically~*~*~ (hiding).
 22127 | D:15     | 22127 ||| INVOKING Heroism.
 22132 | D:15     | Reached skill level 3 in Dodging
 22328 | D:15     | 22328 ||| Stepping ~*~*~tactically~*~*~ (hiding).
 22329 | D:15     | 22329 ||| Stepping ~*~*~tactically~*~*~ (hiding).
 22405 | D:15     | 22405 ||| FLEEEEING.
 22406 | D:15     | 22406 ||| FLEEEEING.
 22407 | D:15     | 22407 ||| FLEEEEING.
 22408 | D:15     | 22408 ||| FLEEEEING.
 22410 | D:15     | 22410 ||| FLEEEEING.
 22411 | D:15     | 22411 ||| FLEEEEING.
 22415 | D:15     | 22415 ||| FLEEEEING.
 22416 | D:15     | 22416 ||| FLEEEEING.
 22420 | D:15     | 22420 ||| FLEEEEING.
 22421 | D:15     | 22421 ||| FLEEEEING.
 22422 | D:15     | 22422 ||| FLEEEEING.
 22423 | D:15     | 22423 ||| FLEEEEING.
 22428 | D:15     | 22428 ||| FLEEEEING.
 22429 | D:15     | 22429 ||| FLEEEEING.
 22430 | D:15     | 22430 ||| FLEEEEING.
 22431 | D:15     | 22431 ||| FLEEEEING.
 22432 | D:15     | 22432 ||| FLEEEEING.
 22433 | D:15     | 22433 ||| FLEEEEING.
 22434 | D:15     | 22434 ||| FLEEEEING.
 22441 | D:15     | 22441 ||| Stepping ~*~*~tactically~*~*~ (hiding).
 22442 | D:15     | 22442 ||| Stepping ~*~*~tactically~*~*~ (hiding).
 22448 | D:15     | 22448 ||| INVOKING Heroism.
 22453 | D:15     | HP: 22/96 [yaktaur/bolt (6)]
 22454 | D:15     | 22454 ||| READING 3 scrolls of teleportation.
 22460 | D:15     | HP: 5/96 [centaur warrior/arrow (11)]
 22461 | D:15     | 22461 ||| READING 2 scrolls of teleportation.
 22463 | D:15     | Shot with an arrow by a centaur warrior

Levels and vault maps discovered:
D:1:      dpeg_arrival_court, layout_rooms
D:2:      layout_loops_ring, grunt_ministairs_13, minivault_25, uniq_robin
D:3:      layout_rooms, hellmonk_ecumenical_altar_blasted,
          chequers_serial_rivers_room_a, hangedman_decor_points, uniq_terence,
          uniq_sigmund, uniq_jessica
D:4:      layout_cave_pods, nicolae_dithmenos_the_darkroom,
          mainiacjoe_overflow_large_starburst, serial_shops, shop,
          grunt_decor_mini_mirrors
D:5:      layout_rooms, old_standard_altar, pdpol_wu_jian_five_deadly_venoms,
          tso_altar, kiku_gazebo_garden_becter, nicolae_overflow_crystal_walls,
          portal_sewer_entry_a, lemuel_flamethrower_2
D:6:      layout_loops_ring, minmay_temple_entry_fiery, lightli_corner_chamber
D:7:      layout_loops_ring, old_standard_altar, enter_bailey_5, serial_shops,
          shop
D:8:      layout_cave_pools, nicolae_hepliaklqana_monster_ancestors,
          vehumet_statue, trog_butcher_becter, chequers_mini_garden,
          doesnt_shop_hydraphobe, uniq_maurice
D:9:      layout_roguey [special_room_kobold], erik_lair_orcish_takeover,
          nicolae_elemental_shop, ebering_dispersal_statue_hall, kb_rosetta
D:10:     minmay_the_grid_four_pointed_star_mashed
          [minmay_the_grid_triangle_9x9_odd_lines,
          minmay_the_grid_triangle_9x9_alien,
          minmay_the_grid_triangle_9x9_descending_squares,
          minmay_the_grid_triangle_9x9_shrine,
          minmay_the_grid_prize_inner_circle], layout_gridville,
          mainiacjoe_overflow_swirl, kennysheep_orc_monster_closet_entryway,
          enter_trove_6
D:11:     layout_irregular_city, columned_hall_lemuel, minivault_20
D:12:     layout_small_grid, minmay_pinched_square
D:13:     layout_layer_cave, david_vaults_3, serial_glass, glass_columns_b,
          glass_columns_b, minmay_misc_feat_hallway, uniq_sonja
D:14:     layout_gridville, roderic_st_hans_cross, special_room
          [special_room_bee]
D:15:     hangedman_depths_entry_civil_slaughter, layout_gridville, minivault_4,
          solitary_fountain, minmay_hedge_maze, chei_slow_surprise
Temple:   nicolae_temple_colour_theory
Lair:1:   layout_cave_pods
Lair:2:   layout_cave_pods
Lair:3:   layout_regular_city, minmay_swamp_entry_eels, dummy_snake_entry,
          basic_altar, gammafunk_ghost_split
Lair:4:   layout_cave_pods, slime_entry_1
Lair:5:   minmay_lair_end_enchanted_forest, layout_small_grid, minivault_11,
          lemuel_fruit_fields, lemuel_fruit_fields, lemuel_fruit_fields,
          infiniplex_staircase_pool_2

Skill      XL: |  1  2  3  4  5  6  7  8  9 10 11 12 13 14 15 |
---------------+----------------------------------------------+-----
Axes           | 2 3 4 5 7 9 10 11 12 14 15 16 | 16.0
Throwing       | 1 2 3 4 5 6 |  6.0
Fighting       | 5 6 8 9 10 11 12 | 12.0
Dodging        | 1 2 3 |  3.0
Armour         | 4 6 7 8 11 12 | 12.0
Shields        | 8 9 10 11 12 | 12.9
Invocations    | 2 4 5 8 10 | 10.0

Action                     |  1- 3 |  4- 6 |  7- 9 | 10-12 | 13-15 || total
---------------------------+-------+-------+-------+-------+-------++-------
  Melee: War axe           |    50 |   125 |   189 |   361 |    73 ||   798
         Kick              |       |       |    18 |    84 |    94 ||   196
         Morningstar       |       |       |       |     7 |     5 ||    12
         Broad axe         |       |       |       |       |   817 ||   817
  Throw: Boomerang         |    53 |    40 |    84 |    54 |    86 ||   317
         Javelin           |       |       |       |    66 |   136 ||   202
 Invoke: Heroism           |       |       |     3 |    23 |    34 ||    60
         Finesse           |       |       |       |       |     5 ||     5
    Use: Scroll            |     1 |     5 |    15 |     4 |    14 ||    39
         Potion            |       |       |     2 |     1 |     1 ||     4
 Armour: Scale mail        |    30 |   104 |       |       |       ||   134
         Chain mail        |       |     1 |   142 |   262 |   204 ||   609
         Plate armour      |       |       |       |       |   380 ||   380
  Dodge: Dodged            |    31 |    77 |    58 |   140 |   328 ||   634
  Block: Buckler           |     9 |    34 |    14 |       |       ||    57
         Kite shield       |       |       |    68 |   269 |   561 ||   898

Table legend:
 A = Non-vault XP
 B = Vault XP
 C = Vault XP percentage of total XP
 D = Non-vault monster count
 E = Vault monster count
 F = Vault count percentage of total count
                 A         B        C        D         E       F
            +---------+---------+-------+---------+---------+-------
      Total |   82879 |   39949 |  32.5 |     462 |     221 |  32.4
            +---------+---------+-------+---------+---------+-------
        D:1 |      43 |       0 |   0.0 |      23 |       0 |   0.0
        D:2 |      64 |      40 |  38.5 |      25 |      14 |  35.9
        D:3 |      34 |     296 |  89.7 |      10 |       3 |  23.1
        D:4 |     333 |       0 |   0.0 |      38 |       0 |   0.0
        D:5 |     546 |      22 |   3.9 |       9 |       7 |  43.8
        D:6 |    1609 |       0 |   0.0 |      20 |       0 |   0.0
        D:7 |    1191 |       8 |   0.7 |      35 |       4 |  10.3
        D:8 |     845 |     765 |  47.5 |      23 |       8 |  25.8
        D:9 |    3785 |    4597 |  54.8 |      34 |      36 |  51.4
       D:10 |    2013 |    6802 |  77.2 |      25 |      32 |  56.1
       D:11 |    3264 |    1121 |  25.6 |      16 |       2 |  11.1
       D:12 |    6031 |    5769 |  48.9 |      19 |      15 |  44.1
       D:13 |    5253 |    7258 |  58.0 |      13 |      21 |  61.8
       D:14 |    9213 |    2507 |  21.4 |      19 |      24 |  55.8
       D:15 |   12480 |    2609 |  17.3 |      40 |       4 |   9.1
     Lair:1 |    3895 |       0 |   0.0 |      13 |       0 |   0.0
     Lair:2 |    5505 |       0 |   0.0 |      27 |       0 |   0.0
     Lair:3 |    7490 |     159 |   2.1 |      21 |       3 |  12.5
     Lair:4 |   11158 |       0 |   0.0 |      26 |       0 |   0.0
     Lair:5 |    8127 |    7947 |  49.4 |      26 |      43 |  62.3
      Sewer |       0 |      49 | 100.0 |       0 |       5 | 100.0
            +---------+---------+-------+---------+---------+-------
